cohdb
Replays
Latest Replays
All Replays
Popular Replays
Top Player Replays
Match Explorer
How It Works
Community
CoH3 Stats
Reddit
Sign in to upload your games and track your stats! →
Sign in with Steam
Match 38716512
Unlisted
Match 38716512
Overview
Messages
Build Orders
End
Selects Special Operations Battlegroup
Selects Special Operations Battlegroup
Selects M29 Weasel Recon Vehicle
M29 Weasel Recon Vehicle
Engineer Squad
Construct Weapon Support Center
M1919 Machine Gun Team
M1919 Machine Gun Team
Infantry Support Center
Construct Medical Station
Bazooka Squad
Construct Tank Depot
Engineer Squad
M4(105) Sherman Bulldozer
Selects P-47 Anti-Infantry Loiter
Selects UNKNOWN (2162291)
Selects Raiding Flares
.30 cal Machine Gun
M4(105) Sherman Bulldozer
Bazooka Squad
Bazooka Squad
Bazooka Squad
Improved M9 Bazooka Rockets
Selects SSF Commando Squad
.30 cal Machine Gun
Bazooka Squad
M3 Armored Personnel Carrier
sharpshooter
Steiner BG
pchealey
oldeenglishdry
0
0
Comments
sign in to comment!
No comments posted yet!